 Dungeon Crawl Stone Soup version 0.17-a0-1793-gcbb3aa1 (webtiles) character file.

49 Geeful the Vexing (level 3, 0/24 HPs)
             Began as a Vampire Enchanter on Sept 9, 2015.
             Slain by a worm (10 damage)
             ... on level 2 of the Dungeon.
             The game lasted 00:04:20 (1246 turns).

Geeful the Vexing (Vampire Enchanter)               Turns: 1246, Time: 00:04:20

Health: 0/24       AC:  3    Str:  8    XL:     3   Next: 51%
Magic:  7/7        EV: 12    Int: 17    God:
Gold:   25         SH:  0    Dex: 14    Spells: 3 memorised, 0 levels left

rFire  . . .     SeeInvis +     j - +0 dagger (venom)
rCold  . . .     Clarity  .     b - +1 robe
rNeg   . . .     SustAt   .     (no shield)
rPois  .         Gourm    .     (no helmet)
rElec  .         Spirit   .     (no cloak)
rCorr  .         Warding  .     (no gloves)
rMut   .         Stasis   .     (no boots)
MR     .....                    (no amulet)
Stlth  +++.......               (no ring)
                                (no ring)

@: regenerating quickly, not resistant to hostile enchantments, fairly stealthy
A: fangs 3, see invisible, unbreathing
a: no special abilities


You were on level 2 of the Dungeon.
You were very full.

You visited 1 branch of the dungeon, and saw 2 of its levels.

You collected 25 gold pieces.

Inventory:

Hand weapons
 a - a +1 dagger
 h - a +0 falchion
 j - a +0 dagger of venom (weapon)
Missiles
 i - 4 javelins (quivered)
Armour
 b - a +1 robe (worn)
 f - a +1 chain mail of cold resistance
 g - a +0 shield
Jewellery
 l - a +3 ring of dexterity {unknown}
Scrolls
 e - 4 scrolls of enchant armour {unknown}
 k - 2 scrolls of identify {unknown}
Potions
 d - 6 potions of blood
Books
 c - a book of Maledictions

   Spells                             Type                      Level
   a - Corona                         Hexes                        1
   b - Ensorcelled Hibernation        Hexes/Ice                    2
   c - Confuse                        Hexes                        3
   d - Tukima's Dance                 Hexes                        3
   e - Dazzling Spray                 Conjuration/Hexes            3


   Skills:
 - Level 1.1 Short Blades
 - Level 2.1 Dodging
 - Level 4.4 Stealth
 + Level 2.8 Spellcasting
 * Level 5.8 Hexes


You couldn't memorise any spells.
You knew the following spells:

 Your Spells              Type           Power        Failure   Level  Hunger
a - Corona                Hex            ###....      1%          1    #......
b - Confuse               Hex            ###.....     6%          3    ###....
c - Tukima's Dance        Hex            ###.....     6%          3    ###....


Dungeon Overview and Level Annotations

Branches:
Dungeon (2/15)

Altars:
Fedhas


Innate Abilities, Weirdness & Mutations

Your natural rate of healing is unusually fast.
You have razor-sharp teeth.
You have supernaturally acute eyesight.
You can survive without breathing.


Message History

The worm is lightly wounded.
You barely miss the worm.
The worm is lightly wounded.
The worm bites you.
You hit the worm but do no damage.
The worm looks even sicker.
The worm is moderately wounded.
You hit the worm.
The worm is heavily wounded.
The worm bites you.
You hit the worm but do no damage.
The worm is heavily wounded.
The worm bites you.
You are too injured to fight recklessly!
You are too injured to fight recklessly!
You barely miss the worm.
The worm is heavily wounded.
You barely miss the worm.
The worm is heavily wounded.
The worm bites you!
You die...

#.. #.. # #[.#######
##.........
#######..........
...........###...
#.....#..(<......
#.####.....###.####...
#...w@.....###. #...
######......... ...##
#.........###. ###.#
#.####(#### #. #.##
#.# #(# #. #... #.#
#.# #. #### #.####.#
#......# #>.#####


You could see a worm.

Vanquished Creatures
  An adder (D:2)
  An ooze (D:2)
  A worm (D:2)
  A ball python (D:2)
  2 bats (D:1)
  2 giant cockroaches (D:2)
  4 goblins
  4 hobgoblins
  4 kobolds (D:2)
  A giant gecko (D:1)
  2 giant newts (D:1)
  4 jackals (D:1)
  4 rats
31 creatures vanquished.

Notes
Turn   | Place    | Note
--------------------------------------------------------------
     0 | D:1      | Geeful the Vampire Enchanter began the quest for the Orb.
     0 | D:1      | Reached XP level 1. HP: 13/13 MP: 3/3
   339 | D:1      | Reached XP level 2. HP: 11/19 MP: 5/5
   386 | D:1      | Reached skill level 5 in Hexes
   844 | D:2      | Reached XP level 3. HP: 18/24 MP: 6/6
   909 | D:2      | Learned a level 3 spell: Confuse
   913 | D:2      | Learned a level 3 spell: Tukima's Dance
  1148 | D:2      | Found a blossoming altar of Fedhas.
  1246 | D:2      | Slain by a worm

Vault maps used:
D:1:      eino_arrival_cavern_a
D:2:      lemuel_round_altar, lemuel_tele_altar

Action                   || total
-------------------------++-------
Melee: Dagger            ||   118
       Falchion          ||     1
 Cast: Corona            ||     1
  Use: Potion            ||     6
 Stab: Sleeping          ||     7
  Eat: Corpse            ||     6
